 Dungeon Crawl Stone Soup version 0.20.1-1-g8b1a95d (webtiles) character file.

298 Nattfarinn the Sneak (level 6, 0/39 HPs)
             Began as an Octopode Enchanter on Aug 2, 2017.
             Was an Initiate of Sif Muna.
             Slain by a river rat (6 damage)
             ... in a sewer.
             The game lasted 00:07:48 (2515 turns).

Nattfarinn the Sneak (Octopode Enchanter)           Turns: 2515, Time: 00:07:49

Health: 0/39       AC:  1    Str:  7    XL:     6   Next: 36%
Magic:  9/9        EV: 13    Int: 20    God:    Sif Muna [......]
Gold:   75         SH:  5    Dex: 12    Spells: 2/9 levels left

rFire    . . .     SeeInvis .   r - +0 dagger (speed)
rCold    . . .     Gourm    .   g - +2 buckler
rNeg     . . .     Faith    .   (helmet restricted)
rPois    .         Spirit   .   (no amulet)
rElec    .         Reflect  .   i - ring of stealth
rCorr    .         Harm     .   (no ring)
MR       .....                  (no ring)
Stlth    ++++++....             (no ring)
Regen    0.2/turn               (no ring)
MPRegen  0.2/turn               (no ring)
                                (no ring)
                                (no ring)

@: no status effects
A: almost no armour, stealthy swim, amphibious, 8 rings, constrict 8, camouflage
1, gelatinous body 1
a: Renounce Religion


You were in a sewer.
You worshipped Sif Muna.
Sif Muna was noncommittal.
You were not hungry.

You visited 1 branch of the dungeon, and saw 4 of its levels.
You also visited: Sewer.

You collected 75 gold pieces.

Inventory:

Hand Weapons
 a - a +1 dagger
 r - a +0 dagger of speed (weapon)
Armour
 g - a +2 buckler (worn)
Jewellery
 i - a ring of stealth (left tentacle)
Scrolls
 e - 4 scrolls of teleportation {unknown}
 f - 2 scrolls of fog {unknown}
 j - a scroll of amnesia {unknown}
 k - a scroll of identify {unknown}
 p - a scroll of blinking {unknown}
 v - a scroll of random uselessness {unknown}
Potions
 d - 4 potions of brilliance
 l - a potion of haste {unknown}
 n - a potion of mutation {unknown}
 s - a potion of agility {unknown}
 t - a potion of flight {unknown}
 u - a potion of heal wounds {unknown}
Books
 b - a book of Maledictions

   Spells                             Type                      Level
   a - Corona                         Hexes                        1
   b - Ensorcelled Hibernation        Hexes/Ice                    2
   c - Confuse                        Hexes                        3
   d - Tukima's Dance                 Hexes                        3
   e - Dazzling Spray                 Conjuration/Hexes            3
Comestibles
 c - 2 bread rations
 m - 2 meat rations
 o - 3 royal jellies
 q - a fruit


   Skills:
 * Level 2.0 Fighting
 - Level 1.0 Short Blades
 * Level 3.0 Dodging
 + Level 7.2 Stealth
 + Level 0.2 Shields
 - Level 2.0 Spellcasting
 * Level 4.3 Hexes


You had 2 spell levels left.
You knew the following spells:

 Your Spells              Type           Power        Failure   Level  Hunger
a - Corona                Hex            ###....      4%          1    #......
b - Confuse               Hex            ###.....     13%         3    ###....
c - Tukima's Dance        Hex            ###.....     13%         3    ###....


Dungeon Overview and Level Annotations

Branches:
Dungeon (4/15)
 Temple: D:4-7

Altars:
Nemelex Xobeh
Sif Muna


Innate Abilities, Weirdness & Mutations

You cannot wear most types of armour.
You are very stealthy in the water. (Stealth+)
You are amphibious.
You can wear up to eight rings at the same time.
You can use your tentacles to constrict eight enemies at once.
Your skin changes colour to match your surroundings (Stealth+).
Your rubbery body absorbs attacks. (AC +1, EV +1)


Message History

You constrict the river rat. You barely miss the river rat.
The river rat is almost dead.
You constrict the river rat.
You kill the river rat!
Sif Muna accepts your kill. The river rat misses you. The river rat bites you!
* * * LOW HITPOINT WARNING * * *
You feel better. The river rat bites you!
* * * LOW HITPOINT WARNING * * *
The river rat barely misses you.
You feel better. The river rat bites you.
* * * LOW HITPOINT WARNING * * *
The river rat completely misses you.
You hit the river rat but do no damage. You grab the river rat.
You constrict the river rat. You block the river rat's attack.
You hit the river rat but do no damage. You grab the river rat.
You constrict the river rat, but do no damage. x2
The river rat bites you.
You die...

....####........####......'....
......†....###.†....†.....#.)).
.##.......###...........≈≈#..#.
#........##.....##...≈≈≈#####
#...............####≈.≈≈≈≈≈≈≈≈
≈.........≈.≈...##≈≈≈≈≈≈≈≈≈≈≈≈≈
≈≈≈.≈≈...≈.≈rr≈r≈≈≈≈≈≈≈≈≈≈≈≈≈≈≈
≈≈≈≈≈≈≈≈≈≈≈r≈≈r≈≈≈≈≈≈≈≈≈≈≈≈≈≈≈≈
≈≈≈≈≈≈≈≈≈≈≈≈≈†@≈≈≈≈≈≈≈≈≈≈≈≈≈≈≈≈
≈≈≈....≈..≈≈≈≈r≈≈≈≈≈≈≈≈≈≈≈≈≈≈≈≈≈
.≈........≈≈≈≈≈≈≈≈≈≈≈†≈≈≈≈≈#####
..........≈..≈≈≈≈≈≈.≈≈≈≈≈≈≈#..#.
.....................≈.≈≈.≈#....
..........................'..(.
.............##...........#....
#.......#####........##..#.
##..##...######...#########


You could see 2 river rats and 4 rats.

Vanquished Creatures
  The ghost of Nattfarinn the Sneak, an amateur OpEn (D:3)
  3 adders
  4 river rats (Sewer)
  A worm (D:2)
  A dart slug (D:1)
  2 orcs (D:3)
  6 ball pythons
  3 bats
  4 giant cockroaches
  10 goblins
  6 hobgoblins
  A jackal (D:1)
  12 kobolds
  2 frilled lizards
  12 rats
68 creatures vanquished.

Notes
Turn   | Place    | Note
-------+----------+-------------------------------------------
     0 | D:1      | Nattfarinn the Octopode Enchanter began the quest for the Orb.
     0 | D:1      | Reached XP level 1. HP: 11/11 MP: 3/3
   189 | D:1      | Reached XP level 2. HP: 13/17 MP: 5/5
   863 | D:2      | Reached XP level 3. HP: 18/22 MP: 6/6
   868 | D:2      | Learned a level 3 spell: Confuse
  1530 | D:2      | Found a deep blue altar of Sif Muna.
  1533 | D:2      | Became a worshipper of Sif Muna the Loreminder
  1670 | D:3      | Reached skill level 5 in Stealth
  1705 | D:3      | Noticed Nattfarinn's ghost (amateur OpEn)
  1753 | D:3      | Killed Nattfarinn's ghost
  1753 | D:3      | Reached skill level 1 in Fighting
  1753 | D:3      | Reached skill level 6 in Stealth
  1753 | D:3      | Reached XP level 4. HP: 3/28 MP: 4/7
  1753 | D:3      | Reached XP level 5. HP: 3/33 MP: 4/8
  1965 | D:3      | Found a sparkling altar of Nemelex Xobeh.
  2031 | D:3      | Reached XP level 6. HP: 31/38 MP: 9/9
  2037 | D:3      | Found a glowing drain.
  2042 | D:3      | Reached skill level 7 in Stealth
  2047 | Sewer    | Entered a sewer
  2354 | Sewer    | Learned a level 3 spell: Tukima's Dance
  2515 | Sewer    | Slain by a river rat

Skill      XL: |  1  2  3  4  5  6 |
---------------+-------------------+-----
Stealth        | 6 7 |  7.2
Fighting       | 1 2 |  2.0
Hexes          | 4 |  4.3
Dodging        | 3 |  3.0
Short Blades   | |  1.0
Shields        | |  0.2
Spellcasting   | |  2.0

Action                   |  1- 3 |  4- 6 || total
-------------------------+-------+-------++-------
Melee: Dagger            |    85 |    86 ||   171
       Constrict         |    14 |    15 ||    29
       Tentacles         |     5 |    11 ||    16
 Cast: Confuse           |     2 |       ||     2
  Use: Potion            |     3 |     3 ||     6
 Stab: Sleeping          |    15 |    13 ||    28
       Confused          |     2 |       ||     2
  Eat: Chunk             |     2 |     2 ||     4
       Fruit             |       |     2 ||     2
Armor: Skin              |     5 |     2 ||     7
Dodge: Dodged            |    33 |    27 ||    60
Block: Buckler           |     4 |    15 ||    19
